 Dungeon Crawl Stone Soup version 0.13-a0-2531-g2ad9301 (webtiles) character file.

17086 Kae the Conjurer (level 12, -1/61 HPs)
             Began as a Tengu Fire Elementalist on July 26, 2013.
             Was an Elder of Vehumet.
             Slain by a green rat (9 damage)
             ... on Level 3 of the Lair of Beasts.
             The game lasted 00:54:29 (20697 turns).

Kae the Conjurer (Tengu Fire Elementalist)         Turns: 20697, Time: 00:54:30

HP  -1/61        AC  7     Str 10      XL: 12   Next: 38%
MP  26/29        EV 13     Int 20      God: Vehumet [****..]
Gold 572         SH 10     Dex 14      Spells:  8 memorised,  3 levels left

Res.Fire  : . . .   See Invis. : +   x - +1,+3 whip (elec)
Res.Cold  : . . .   Warding    : .   T - +2 robe of the Good {MR++ SInv}
Life Prot.: . . .   Conserve   : .   y - +0 dwarf buckler
Res.Poison: .       Res.Corr.  : .   (helmet restricted)
Res.Elec. : .       Clarity    : .   G - +0 cloak
Sust.Abil.: . .     Spirit.Shd : .   (no gloves)
Res.Mut.  : .       Stasis     : +   (boots unavailable)
Res.Rott. : .       Flight     : .   i - amulet of stasis
Saprovore : . . .                    k - +2 ring of protection
                                     M - ring of protection from magic

@: extraordinarily resistant to hostile enchantments, fairly stealthy
A: able to fly, beak, talons 3
a: Fly, Renounce Religion


You were on level 3 of the Lair of Beasts.
You worshipped Vehumet.
Vehumet was extremely pleased with you.
You were hungry.

You visited 3 branches of the dungeon, and saw 15 of its levels.

You collected 648 gold pieces.
You spent 96 gold pieces at shops.

Inventory:

Hand weapons
 x - a +1,+3 whip of electrocution (weapon)
 J - a +5,+1 orcish whip
Armour
 y - a +0 dwarven buckler (worn)
 G - a +0 cloak (worn)
 T - the +2 robe of the Good (worn) {MR++ SInv}
   (You found it on level 3 of the Lair of Beasts)

   It affects your resistance to hostile enchantments.
   It enhances your eyesight.
Magical devices
 m - a wand of frost (7)
 o - a wand of disintegration (16)
 N - a wand of heal wounds (4)
 R - a wand of polymorph (11)
 V - a wand of hasting (3)
Comestibles
 c - 8 bread rations
 h - 2 apples
 E - 2 chokos
Scrolls
 f - 2 scrolls of magic mapping
 l - a scroll of fear
 r - 8 scrolls of remove curse
 t - 2 scrolls of fog
 A - 2 scrolls of identify
 H - 3 scrolls of amnesia
 O - a scroll of recharging
 Q - a scroll of noise
Jewellery
 g - an uncursed ring of sustain abilities
 i - an amulet of stasis (around neck)
 k - a +2 ring of protection (right hand)
 u - an uncursed amulet of rage
 w - a +2 ring of protection
 M - a ring of protection from magic (left hand)
Potions
 e - 4 potions of curing
 j - 4 potions of heal wounds
 n - a potion of invisibility
 q - a potion of cure mutation
 z - 3 potions of magic
 C - a potion of agility
 D - a potion of restore abilities
 F - 2 potions of berserk rage
 K - 2 potions of mutation
Books
 b - a book of Flames

   Spells                             Type                      Level
   *Flame Tongue                      Conjuration/Fire             1
   *Throw Flame                       Conjuration/Fire             2
   *Conjure Flame                     Conjuration/Fire             3
   Inner Flame                        Hexes/Fire                   3
   *Sticky Flame                      Conjuration/Fire             4
   *Fireball                          Conjuration/Fire             5
 p - a book of Battle

   Spells                             Type                      Level
   Infusion                           Charms                       1
   Shroud of Golubria                 Charms/Translocation         2
   Song of Slaying                    Charms                       2
   Spectral Weapon                    Hexes/Charms                 3
   Regeneration                       Charms/Necromancy            3
   Song of Shielding                  Charms                       4
 B - a book of Annihilations

   Spells                             Type                      Level
   Poison Arrow                       Conjuration/Poison           6
   *Orb of Destruction                Conjuration                  7
   Chain Lightning                    Conjuration/Air              8
   Lehudib's Crystal Spear            Conjuration/Earth            8
   Ice Storm                          Conjuration/Ice              9
   Fire Storm                         Conjuration/Fire             9
 I - a book of Envenomations

   Spells                             Type                      Level
   Spider Form                        Transmutation/Poison         3
   Poison Weapon                      Charms/Poison                3
   Summon Scorpions                   Summoning/Poison             4
   Olgreb's Toxic Radiance            Poison                       4
   Poisonous Cloud                    Conjuration/Poison/Air       6
 P - a book of Beasts

   Spells                             Type                      Level
   Summon Butterflies                 Summoning                    1
   Sticks to Snakes                   Transmutation                2
   Call Canine Familiar               Summoning                    3
   Ice Form                           Ice/Transmutation            4
   Summon Ice Beast                   Ice/Summoning                4
   Summon Hydra                       Summoning                    7
 S - a book of Party Tricks

   Spells                             Type                      Level
   Summon Butterflies                 Summoning                    1
   Apportation                        Translocation                1
   *Blink                             Translocation                2
   Alistair's Intoxication            Transmutation/Poison         4
   Tukima's Dance                     Hexes                        5
Magical staves
 U - an uncursed staff of earth


   Skills:
 + Level 2.6 Fighting
 + Level 3.8 Dodging
 - Level 2.0 Stealth
 + Level 3.7 Shields
 + Level 8.5 Spellcasting
 + Level 12.7 Conjurations
 + Level 0.8 Translocations
 - Level 12.5 Fire Magic
 + Level 7.8 Evocations


You had 3 spell levels left.
You knew the following spells:

 Your Spells              Type           Power        Failure   Level  Hunger
a - Flame Tongue          Conj/Fire      #####        1%          1    None
b - Throw Flame           Conj/Fire      ######       1%          2    None
c - Conjure Flame         Conj/Fire      ######..     1%          3    None
d - Sticky Flame          Conj/Fire      ######..     1%          4    ###....
e - Sting                 Conj/Pois      ####         1%          1    None
f - Fireball              Conj/Fire      ######....   1%          5    ####...
g - Orb of Destruction    Conj           ######....   12%         7    #######
h - Blink                 Tloc           N/A          12%         2    None


Dungeon Overview and Level Annotations

Branches:
Dungeon (10/27)            Temple (1/1) D:5             Orc (0/4) D:6
   Lair (4/8) D:10
  Swamp: Lair:3-6    Shoals: Lair:3-6     Snake: Lair:3-6    Spider: Lair:3-6

Altars:
Ashenzari
Cheibriados
Elyvilon
Fedhas
Kikubaaqudgha
Makhleb
Nemelex Xobeh
Okawaru
Sif Muna
Trog
Vehumet
Xom
Yredelemnul
Zin
the Shining One

Shops:
D:5: * D:8: %

Annotations
D:3 3 exclusions, onwiheg's ghost, experienced DjWz
Lair:1 exclusion: water moccasin, Fannar


Innate Abilities, Weirdness & Mutations

You can fly.
You have a beak for a mouth.
You have claws for feet.


Message History

Aim: a green rat (almost dead)
The flame hits the green rat.
The green rat appears unharmed.
The green rat is almost dead.
The green rat bites you! You block the green rat's attack.
The green rat bites you.
* * * LOW HITPOINT WARNING * * *
The green rat barely misses you.
Casting: Flame Tongue
Confirm with . or Enter, or press ? or * to list all spells.
Aiming: Flame Tongue
Press: ? - help, Shift-Dir - straight line, f/p - green rat
Aim: a green rat (almost dead)
The flame hits the green rat.
You kill the green rat!
Vehumet accepts your kill.
You feel your power returning. The green rat misses you.
The green rat bites you!
* * * LOW HITPOINT WARNING * * *
The green rat bites you!
You die...

##..............## #........
#......##........####.......
##..........f...##..........
##...#..........#...........
#...............#....P.+###.
#######.#.#..#.............#.####
#P##P.#..##.##...................
f..........####[rP.........#.##..
#..####.#.......@r...............
P.#.###......P.r.r#...f.#..#PP#..
#.####......f........####....P##.
............ff#f......##...#.###.
#...#...#.#f.................##..
..........f..#...........#.#.##..
.#..P##.#.f.####..#.####.#.#..##.
##.####...#..###....P###...#.....
♣P...#P...(....#.P..f##P....<....


You could see 4 green rats.

Vanquished Creatures
  The ghost of Rycklaryybbe the Transmogrifier, an experienced DgTm (D:9)
  2 unseen horrors (D:10)
  3 hill giants
  Pikel (D:3)
  The ghost of ilii the Thaumaturge, an experienced SpNe (D:6)
  Maurice (D:8)
  The ghost of Kae the Ruinous, an experienced TeFE of Vehumet (D:7)
  2 black mambas
  4 spiny frogs
  A feature mimic (D:8)
  2 fire drakes
  Grinder (D:4)
  Prince Ribbit (D:4)
  2 two-headed ogres (D:9)
  6 blink frogs
  A trapdoor spider (D:10)
  2 wyverns
  An elephant slug (Lair:3)
  2 hippogriffs
  A necrophage (D:10)
  6 porcupines (Lair:2)
  A black bear (D:10)
  A slave (D:4)
  2 ice beasts
  5 ogres
  4 phantoms
  5 centaurs
  4 orc warriors
  A sky beast (D:6)
  Sigmund (D:6)
  2 crocodiles
  11 water moccasins
  A big kobold (D:9)
  Blork the orc (D:4)
  2 agate snails (Lair:2)
  6 giant frogs
  4 killer bees (D:9)
  8 wights
  9 crimson imps
  A quasit (D:10)
  8 orc wizards
  A scorpion (D:6)
  6 orc priests
  7 hounds
  A giant frog skeleton (D:5)
  2 iguanas
  9 worker ants
  3 jellies
  An ogre zombie (D:8)
  A worker ant zombie (D:7)
  4 gnolls (D:2)
  25 green rats
  A giant centipede (Lair:1)
  An inept feature mimic (D:4)
  14 adders
  3 worms
  3 giant mites
  2 adder zombies
  An adder skeleton (D:4)
  A giant eyeball (D:7)
  8 giant geckos
  An ooze (D:4)
  32 orcs
  2 ball pythons
  16 bats
  3 giant cockroaches
  17 hobgoblins
  20 jackals
  14 kobolds
  14 quokkas
  A giant gecko skeleton (D:4)
  4 giant newts
  A giant newt skeleton (D:4)
  3 giant spores
  14 goblins
  A hobgoblin skeleton (D:7)
  A kobold zombie (D:8)
  16 rats
  7 ballistomycetes
380 creatures vanquished.

Vanquished Creatures (collateral kills)
  A giant centipede (D:10)
  An orc (D:10)
2 creatures vanquished.

Vanquished Creatures (others)
  2 slaves (D:4)
  An orc priest (D:7)
  An orc wizard (D:4)
  Ijyb (D:4)
  3 orcs (D:4)
  A hobgoblin (D:4)
  A giant gecko (D:4)
  A kobold skeleton (D:4)
11 creatures vanquished.

Grand Total: 393 creatures vanquished

Notes
Turn   | Place    | Note
--------------------------------------------------------------
     0 | D:1      | Kae, the Tengu Fire Elementalist, began the quest for the Orb.
     0 | D:1      | Reached XP level 1. HP: 10/10 MP: 3/3
   227 | D:1      | Reached XP level 2. HP: 15/15 MP: 1/5
   816 | D:2      | Reached XP level 3. HP: 15/19 MP: 3/6
  1265 | D:2      | Reached skill level 4 in Conjurations
  1511 | D:2      | Reached XP level 4. HP: 24/24 MP: 4/8
  2051 | D:3      | Noticed onwiheg's ghost (experienced DjWz)
  2490 | D:3      | Reached XP level 5. HP: 5/28 MP: 6/11
  2750 | D:3      | Reached skill level 5 in Conjurations
  2986 | D:2      | Learned a level 2 spell: Throw Flame
  2990 | D:2      | Learned a level 3 spell: Conjure Flame
  3538 | D:4      | Noticed Prince Ribbit
  3568 | D:4      | Reached XP level 6. HP: 32/32 MP: 13/13
  3688 | D:4      | Noticed Pikel
  3688 | D:4      | Noticed a slave
  3690 | D:4      | Noticed a slave
  3692 | D:4      | Noticed a slave
  3693 | D:4      | Noticed a slave
  3694 | D:4      | Learned a level 4 spell: Sticky Flame
  3699 | D:4      | Killed a slave
  3839 | D:3      | Killed Pikel
  3839 | D:3      | Reached skill level 7 in Conjurations
  3839 | D:3      | Reached skill level 5 in Fire Magic
  3839 | D:3      | Reached XP level 7. HP: 36/36 MP: 6/17
  3998 | D:4      | Killed a freed slave
  4100 | D:4      | Noticed an ogre
  4108 | D:4      | Killed an ogre
  4108 | D:4      | Reached skill level 8 in Conjurations
  4239 | D:4      | Killed a freed slave
  4268 | D:4      | Killed Ijyb
  4389 | D:4      | Found a blossoming altar of Fedhas.
  4488 | D:4      | Reached XP level 8. HP: 41/41 MP: 16/19
  4512 | D:4      | Killed Prince Ribbit
  4628 | D:4      | Noticed Blork the orc
  4645 | D:4      | HP: 2/41 [it/puff of flame (9)]
  5231 | D:4      | Killed Blork the orc
  5490 | D:4      | Noticed Grinder
  5499 | D:4      | Killed Grinder
  5499 | D:4      | Reached skill level 9 in Conjurations
  5668 | D:5      | Entered Level 5 of the Dungeon
  5731 | D:5      | Found Chaon's Assorted Antiques.
  5782 | D:5      | Found a staircase to the Ecumenical Temple.
  5791 | Temple   | Entered the Ecumenical Temple
  6031 | D:5      | Found a shattered altar of Ashenzari.
  6111 | D:5      | Reached XP level 9. HP: 45/45 MP: 17/22
  6175 | D:5      | Reached skill level 5 in Spellcasting
  6435 | D:5      | Reached skill level 1 in Evocations
  6485 | D:6      | Found a staircase to the Orcish Mines.
  6535 | D:6      | Found a shattered altar of Ashenzari.
  6920 | D:6      | Noticed Sigmund
  7004 | D:6      | Killed Sigmund
  8298 | D:6      | Reached skill level 10 in Conjurations
  8455 | D:6      | Noticed ilii's ghost (experienced SpNe)
  8489 | D:6      | Killed ilii's ghost
  8687 | D:7      | Found a radiant altar of Vehumet.
  8742 | D:7      | Became a worshipper of Vehumet
  9130 | D:7      | Reached XP level 10. HP: 48/50 MP: 5/24
  9396 | D:7      | Noticed Kae's ghost (experienced TeFE)
  9981 | D:7      | Killed Kae's ghost
  9981 | D:7      | Reached skill level 10 in Fire Magic
 10377 | D:8      | Acquired Vehumet's first power
 10377 | D:8      | Offered knowledge of Sting by Vehumet.
 10383 | D:8      | Learned a level 1 spell: Sting
 10999 | D:8      | Reached skill level 11 in Conjurations
 11281 | D:8      | Found Mimentisch's Food Shoppe.
 11287 | D:8      | Bought a bread ration for 40 gold pieces
 11287 | D:8      | Bought a bread ration for 40 gold pieces
 11287 | D:8      | Bought an apple for 8 gold pieces
 11287 | D:8      | Bought a pear for 8 gold pieces
 11433 | D:8      | Noticed Maurice
 11440 | D:8      | Killed Maurice
 11440 | D:8      | Reached skill level 5 in Evocations
 11863 | D:8      | HP: 2/50 [poisoned by a kobold]
 12212 | D:9      | Noticed Rycklaryybbe's ghost (experienced DgTm)
 12219 | D:9      | Killed Rycklaryybbe's ghost
 12906 | D:9      | Reached XP level 11. HP: 54/54 MP: 20/27
 13027 | D:9      | Noticed a hill giant
 13063 | D:9      | Offered knowledge of Searing Ray by Vehumet.
 13285 | D:9      | Killed a hill giant
 14273 | D:10     | Entered Level 10 of the Dungeon
 14298 | D:10     | Found a staircase to the Lair.
 14725 | D:10     | Noticed a hill giant
 14871 | D:10     | Killed a hill giant
 14871 | D:10     | Reached skill level 1 in Shields
 14871 | D:10     | Reached skill level 12 in Fire Magic
 15145 | D:10     | Offered knowledge of Stone Arrow by Vehumet.
 15148 | D:10     | Killed an unseen horror
 15565 | D:10     | Noticed a hill giant
 15595 | D:10     | Killed a hill giant
 15805 | D:10     | HP: 2/54 [something (8)]
 15807 | D:10     | Killed an unseen horror
 16064 | D:10     | Acquired Vehumet's second power
 16280 | Lair:1   | Entered Level 1 of the Lair of Beasts
 16909 | Lair:1   | Learned a level 5 spell: Fireball
 16917 | Lair:1   | Learned a level 7 spell: Orb of Destruction
 17093 | Lair:1   | Noticed Fannar
 17283 | Lair:2   | Offered knowledge of Static Discharge by Vehumet.
 17711 | Lair:2   | Reached skill level 1 in Fighting
 17711 | Lair:2   | Reached XP level 12. HP: 26/60 MP: 21/29
 18432 | Lair:2   | Acquired Vehumet's third power
 18991 | Lair:2   | Offered knowledge of Fulminant Prism by Vehumet.
 19005 | Lair:2   | Learned a level 2 spell: Blink
 19495 | Lair:3   | Got a colourful robe
 19502 | Lair:3   | Identified the +2 robe of the Good {MR++ SInv} (You found it on level 3 of the Lair of Beasts)
 20697 | Lair:3   | Slain by a green rat

Action                   |  1- 3 |  4- 6 |  7- 9 | 10-12 || total
-------------------------+-------+-------+-------+-------++-------
Melee: Unarmed           |    19 |     4 |       |       ||    23
       Whip              |       |       |    41 |    91 ||   132
 Cast: Flame Tongue      |    43 |    81 |   239 |   571 ||   934
       Conjure Flame     |       |     2 |    16 |    41 ||    59
       Sticky Flame      |       |     1 |     6 |    32 ||    39
       Throw Flame       |       |       |    26 |    62 ||    88
       Orb of Destructio |       |       |       |     2 ||     2
       Sting             |       |       |       |     1 ||     1
 Abil: Fly               |       |       |       |     6 ||     6
Evoke: Wand              |       |       |     8 |    16 ||    24
  Use: Scroll            |     3 |       |     5 |    25 ||    33
       Potion            |       |       |       |     9 ||     9
 Stab: Sleeping          |       |       |     2 |     2 ||     4
